AoeStats
← terror maus7297

Golden Pit

509591333Analyzed
1v1 RM · 4d ago on Sep 27, 2026· 52m 59s· 2 players
Game mode
Random Map
Map size
Tiny (2 player)
Population
200
Speed
Normal
Resources
Standard
Victory
Conquest
Starting age
Dark Age
Ending age
Imperial Age
RankedLock teamsTeams togetherTeam positionsShared explorationLock speedFull tech treeHidden civsTurbo modeCheats
Victory
Defeat
🇩🇪 Bulgarians · Germany
992
+17
🇬🇧 Spanish · United Kingdom
1011
-17
terror maus7297
8:33 Loom
11:33 Feudal Age
13:32 Horse Collar
22:59 Castle Age
22:12 Gold Mining
22:17 Double-Bit Axe
23:07 Bloodlines
24:56 Scale Barding Armor
25:07 Forging
28:06 Husbandry
30:38 Chain Barding Armor
30:22 Padded Archer Armor
30:12 Fletching
31:31 Thumb Ring
31:51 Bodkin Arrow
32:45 Leather Archer Armor
37:25 Bow Saw
37:17 Heavy Plow
38:38 Ballistics
39:30 Gold Mining
42:42 Wheelbarrow
45:16 Gold Shaft Mining
45:08 Hand Cart
raghuvlk
1:48 Loom
10:15 Feudal Age
14:14 Bloodlines
22:35 Castle Age
25:31 Padded Archer Armor
28:10 Leather Archer Armor
29:53 Pikeman
36:00 Fletching
36:50 Bodkin Arrow
43:39 Imperial Age
45:37 Onager
Connection lost

Rejoining the realm…

Still unreachable

The connection could not be restored.

Session expired

The server has moved on; the page needs a fresh start.